 Dungeon Crawl Stone Soup version 0.30-a0-6-g7c9e10e132 (webtiles) character file.

Game seed: 9386624554511980643

24 nickcage the Cudgeller (level 2, 0/22 HPs)
             Began as a Demonspawn Gladiator on Aug 22, 2022.
             Constricted to death by a ball python (1 damage)
             ... on level 1 of the Dungeon.
             The game lasted 00:00:59 (392 turns).

nickcage the Cudgeller (Demonspawn Gladiator)        Turns: 392, Time: 00:00:59

Health: 0/22       AC:  4    Str: 14    XL:     2   Next: 79%
Magic:  2/2        EV:  9    Int:  9    God:
Gold:   26         SH:  0    Dex: 14    Spells: 1/1 levels left

rFire   . . .      SeeInvis .    a - +0 flail
rCold   . . .      Faith    .    (no shield)
rNeg    . . .      Spirit   .    b - +0 leather armour
rPois   .          Reflect  .    c - +0 helmet
rElec   .          Harm     .    (no cloak)
rCorr   .          Rampage  .    (no gloves)
Will    .....                    (no boots)
Stlth   +.........               (no amulet)
HPRegen 0.07/turn                (no ring)
MPRegen 0.08/turn                (no ring)

@: constricted
A: foul stench 1
a: no special abilities


You were on level 1 of the Dungeon.
You visited 1 branch of the dungeon, and saw 1 of its levels.

You collected 26 gold pieces.

Inventory:

Hand Weapons
 a - a +0 flail (weapon)
Missiles
 d - 3 throwing nets (quivered)
 e - a javelin
Armour
 b - a +0 leather armour (worn)
 c - a +0 helmet (worn)
 h - a +1 hat
Scrolls
 f - a scroll of fear {unknown}
 g - a scroll of poison {unknown}
 i - a scroll of noise {unknown}
 j - a scroll of teleportation {unknown}


   Skills:
 - Level 2.0 Fighting
 + Level 3.7 Maces & Flails
 - Level 1.7 Throwing
 - Level 2.6 Dodging


You had one spell level left.
You didn't know any spells.
Your spell library was empty.

Dungeon Overview and Level Annotations

Branches:
Dungeon (1/15)

Altars:


Innate Abilities, Weirdness & Mutations

You may rarely emit foul miasma when damaged in melee.


Message History

The ball python constricts you.
You closely miss the ball python. You punch the ball python.
The ball python is moderately wounded.
The ball python bites you but does no damage. x2
The ball python constricts you. The ball python barely misses you.
You closely miss the ball python.
The ball python is moderately wounded.
The ball python bites you. The ball python constricts you.
The ball python bites you.
The ball python bites you but does no damage.
The ball python constricts you.
You hit the ball python but do no damage.
The ball python is moderately wounded.
The ball python bites you but does no damage.
The ball python closely misses you. The ball python constricts you.
You hit the ball python.
You kill the ball python!
The ball python closely misses you. The ball python grabs you.
The ball python constricts you. The ball python bites you.
The ball python constricts you.
You hit the endoplasm.
The endoplasm is lightly wounded.
The ball python bites you but does no damage.
The ball python constricts you. The endoplasm freezes you.
You are frozen.
* * * LOW HITPOINT WARNING * * *
You hit the endoplasm.
You kill the endoplasm!
The ball python bites you.
* * * LOW HITPOINT WARNING * * *
The ball python constricts you.
The ball python bites you but does no damage.
The ball python constricts you.
You barely miss the endoplasm.
The endoplasm hits you but does no damage.
The ball python bites you.
* * * LOW HITPOINT WARNING * * *
The ball python constricts you.
You die...

###... ## .#...#
#.. ....# #..#
#._.#
##...###....
#.....#...#
#.....†..# ##..
#JS##
#...####@.##
#...##†$.#
#......#
#..#...#
#)†..#.#
###..#.#.#
##....#...#
#..#.##.#.#
##....#..#.####.


You could see an endoplasm and a ball python.

Vanquished Creatures
  A dart slug (D:1)
  4 ball pythons (D:1)
  3 bats (D:1)
  4 endoplasms (D:1)
  A goblin (D:1)
  2 hobgoblins (D:1)
  A kobold (D:1)
  A frilled lizard (D:1)
  2 rats (D:1)
19 creatures vanquished.

Notes
Turn   | Place    | Note
-------+----------+-------------------------------------------
     0 | D:1      | nickcage the Demonspawn Gladiator began the quest for the
                  | Orb.
     0 | D:1      | Reached XP level 1. HP: 16/16 MP: 1/1
    20 | D:1      | Reached skill level 3 in Maces & Flails
    49 | D:1      | Gained mutation: You may rarely emit foul miasma when
                  | damaged in melee. [demonic ancestry]
    49 | D:1      | Reached XP level 2. HP: 13/22 MP: 2/2
   379 | D:1      | Found a faded altar of an unknown god.
   392 | D:1      | HP: 1/22 [ball python (3)]
   392 | D:1      | Constricted to death by a ball python

Illustrated notes

Levels and vault maps discovered:
D:1:      tarquinn_simple_flora_water_e, layout_rooms,
          nicolae_ecumenical_snake_handling

Skill      XL: |  1 |
---------------+----+-----
Maces & Flails | 3 |  3.7
Fighting       | |  2.0
Throwing       | |  1.7
Dodging        | |  2.6

Action                   || total
-------------------------++-------
Melee: Flail             ||    45
       Punch             ||     1
Armor: Leather armour    ||    22
Dodge: Dodged            ||    41

Table legend: (Time is in decaauts)
 A = Elapsed time spent in this place.
 B = Non-inter-level travel time spent in this place.
 C = Inter-level travel time spent in this place.
 D = Time resting spent in this place.
 E = Time spent auto-exploring this place.
 F = Levels seen in this place.
 G = Mean time per level.
                   A        B        C        D        E       F      G
               +--------+--------+--------+--------+--------+-----+--------+
         Total |    402 |    402 |      0 |      0 |    308 |   1 |  402.0 |
       Dungeon |    402 |    402 |      0 |      0 |    308 |   1 |  402.0 |
               +--------+--------+--------+--------+--------+-----+--------+

Top non-repeatable levels by time:
     D:1: 402 daAuts
